 Dungeon Crawl Stone Soup version 0.30.0-11-gf55b779eaf (webtiles) character file.

Game seed: 9907851702692854725

596 retardedninja the Firebug (level 7, -4/51 HPs)
             Began as a Gnoll Fire Elementalist on May 16, 2023.
             Slain by an orc wizard
             ... wielding a +2 dagger of protection
              (5 damage)
             ... on level 4 of the Dungeon.
             The game lasted 00:06:32 (4678 turns).

retardedninja the Firebug (Gnoll Fire Elementalist) Turns: 4678, Time: 00:06:33

Health: -4/51      AC:  3    Str:  7    XL:     7   Next: 40%
Magic:  4/15       EV: 14    Int: 22    God:
Gold:   243        SH:  0    Dex: 13    Spells: 7/17 levels left

rFire   . . .        v - +0 quarterstaff (spect)
rCold   . . .        (shield currently unavailable)
rNeg    + . .        a - +0 robe
rPois   .            y - +0 helmet
rElec   .            (no cloak)
rCorr   .            (no gloves)
SInv    .            (no boots)
Will    .....        n - amulet of magic regeneration
Stlth   +++          f - ring of positive energy
HPRegen 0.28/turn    j - +6 ring of intelligence
MPRegen 0.54/turn

%: no passive effects
@: flying
A: fangs 1, strong nose, distributed training
a: no special abilities


You were on level 4 of the Dungeon.
You visited 1 branch of the dungeon, and saw 6 of its levels.

You collected 243 gold pieces.

Inventory:

Hand Weapons
 v - a +0 spectral quarterstaff (weapon)
Armour
 a - a +0 robe (worn)
 y - a +0 helmet (worn)
Jewellery
 f - a ring of positive energy (left hand)
 j - a +6 ring of intelligence (right hand)
 n - an amulet of magic regeneration (around neck)
Scrolls
 d - a scroll of amnesia {unknown}
 h - a scroll of immolation {unknown}
 k - 4 scrolls of identify {unknown}
 m - 2 scrolls of enchant armour {unknown}
 o - 2 scrolls of magic mapping {unknown}
 q - a scroll of teleportation {unknown}
 r - a scroll of vulnerability {unknown}
 s - 3 scrolls of torment {unknown}
 t - a scroll of noise {unknown}
 w - a scroll of enchant weapon {unknown}
 x - a scroll of acquirement {unknown}
Potions
 b - a potion of magic
 c - 2 potions of haste {unknown}
 e - a potion of might {unknown}
 g - a potion of cancellation {unknown}
 i - 2 potions of mutation {unknown}
 l - a potion of attraction {unknown}
 p - 3 potions of flight
 u - 2 potions of heal wounds
 z - a potion of curing {unknown}
 A - a potion of degeneration {unknown}


   Skills:
 + Level 2.5 Fighting
 + Level 2.5 Short Blades
 + Level 2.5 Long Blades
 + Level 2.5 Axes
 + Level 2.5 Maces & Flails
 + Level 2.5 Polearms
 + Level 2.5 Staves
 + Level 2.5 Ranged Weapons
 + Level 2.5 Throwing
 + Level 2.5 Armour
 + Level 5.3 Dodging
 + Level 4.9 Stealth
 + Level 2.5 Shields
 + Level 2.5 Unarmed Combat
 + Level 5.6 Spellcasting
 + Level 3.0 Conjurations
 + Level 2.1 Hexes
 + Level 2.1 Summonings
 + Level 2.1 Necromancy
 + Level 2.1 Translocations
 + Level 2.1 Transmutations
 + Level 5.8 Fire Magic
 + Level 2.1 Ice Magic
 + Level 2.1 Air Magic
 + Level 2.1 Earth Magic
 + Level 2.1 Poison Magic
 + Level 2.8 Invocations
 + Level 2.5 Evocations


You had 7 spell levels left.
You knew the following spells:

 Your Spells              Type           Power      Damage    Failure   Level
a - Foxfire               Conj/Fire      100%       2x1d9     1%          1
b - Scorch                Fire           64%        2d8       1%          2
c - Flame Wave            Conj/Fire      25%        2d8       16%         4
d - Inner Flame           Hex/Fire       23%        N/A       5%          3

Your spell library contained the following spells:

 Spells                   Type           Power      Damage    Failure   Level
 Shock                    Conj/Air       68%        1d7       3%          1
 Volatile Blastmotes      Fire/Tloc      46%        2d13      5%          3
 Dazzling Flash           Conj/Hex       34%        N/A       10%         3
 Swiftness                Air            15%        N/A       12%         3
 Airstrike                Air            7%         2d(2-18)  36%         4
 Animate Armour           Summ/Erth      30%        N/A       36%         4
 Agony                    Necr           15%        N/A       73%         5
 Blade Hands              Tmut           7%         N/A       73%         5
 Silence                  Hex/Air        7%         N/A       73%         5
 Iron Shot                Conj/Erth      8%         9d3       99%         6


Dungeon Overview and Level Annotations

Branches:
Dungeon (6/15)
 Temple: D:4-7

Altars:
Ashenzari
Kikubaaqudgha

Shops:
D:2 (


Innate Abilities, Weirdness & Mutations

You have very sharp teeth.
Your uncanny sense of smell can sniff out nearby items.
Your experience applies equally to all skills.


Message History

The orc is almost dead.
The orc's fire resistance burns away.
The orc misses you. Something hits you.
Unknown command.
Casting: Scorch (safe; 1% risk of failure)
Confirm with . or Enter, or press ? or * to list all spells.
Flames lash something but do no damage.
The orc misses you. Something hits you.
Unknown command.
Casting: Scorch (safe; 1% risk of failure)
Confirm with . or Enter, or press ? or * to list all spells.
Flames lash the orc.
The orc is burned terribly!
You kill the orc!
The orc closely misses you.
You hear some strange, mumbled words.
Something tries to affect you, but you resist.
Casting: Scorch (safe; 1% risk of failure)
Confirm with . or Enter, or press ? or * to list all spells.
Flames lash something but do no damage.
The orc barely misses you. Something hits you.
Unknown command.
Casting: Scorch (safe; 1% risk of failure)
Confirm with . or Enter, or press ? or * to list all spells.
Flames lash the orc.
The orc is severely wounded.
The orc's fire resistance burns away.
The orc hits you with a +0 mace. Something hits you.
Unknown command.
Casting: Scorch (safe; 1% risk of failure)
Confirm with . or Enter, or press ? or * to list all spells.
Flames lash something.
The orc hits you with a +0 mace.
* * * LOW HITPOINT WARNING * * *
You hear some strange, mumbled words.
A puff of flame appears from out of thin air!
The puff of flame hits you!
* * * LOW HITPOINT WARNING * * *
Casting: Scorch (safe; 1% risk of failure)
Confirm with . or Enter, or press ? or * to list all spells.
Flames lash the orc.
The orc is burned terribly!
You kill the orc!
Something hits you.
You die...

.. . ... ∆ .. . ..
.#... ..#. #..
#### #.# #..# #)#
#..# #)###..#
#@{....# #####..#
##..##+####
#....>.....
..######.........#
#......'..>......+
#.######.........#
###########


There were no monsters in sight!

Vanquished Creatures
  2 ice beasts (D:5)
  A centaur (D:5)
  A scorpion (D:5)
  An orc priest (D:3)
  A gnoll bouda (D:6)
  A hound (D:5)
  Jessica (D:3)
  An iguana (D:4)
  Robin (D:3)
  4 gnolls (D:5)
  3 adders
  A worm (D:2)
  2 dart slugs
  7 orcs
  4 endoplasms
  3 giant cockroaches
  8 goblins
  2 hobgoblins
  A quokka (D:3)
  7 ball pythons
  3 bats
  4 frilled lizards
  A kobold (D:2)
  5 rats
65 creatures vanquished.

Vanquished Creatures (others)
  262 foxfires
262 creatures vanquished.

Grand Total: 327 creatures vanquished

Notes
Turn   | Place    | Note
-------+----------+-------------------------------------------
     0 | D:1      | retardedninja the Gnoll Fire Elementalist began the quest
                  | for the Orb.
     0 | D:1      | Reached XP level 1. HP: 13/13 MP: 6/6
   404 | D:1      | Reached XP level 2. HP: 19/19 MP: 5/7
   449 | D:1      | Learned a level 2 spell: Scorch
  1317 | D:2      | Reached skill level 5 in Spellcasting
  1317 | D:2      | Reached XP level 3. HP: 25/25 MP: 3/9
  1433 | D:2      | Found Ampir's Antique Weapon Shoppe.
  1564 | D:2      | Reached skill level 1 in Invocations
  1638 | D:2      | Identified the +0 robe of Vaehaakk {rC+ Str-2 Int+3 SInv}
  1961 | D:2      | Reached skill level 1 in Fighting
  1961 | D:2      | Reached skill level 1 in Short Blades
  1961 | D:2      | Reached skill level 1 in Long Blades
  1961 | D:2      | Reached skill level 1 in Axes
  1961 | D:2      | Reached skill level 1 in Maces & Flails
  1961 | D:2      | Reached skill level 1 in Polearms
  1961 | D:2      | Reached skill level 1 in Staves
  1961 | D:2      | Reached skill level 1 in Ranged Weapons
  1961 | D:2      | Reached skill level 1 in Throwing
  1961 | D:2      | Reached skill level 1 in Armour
  1961 | D:2      | Reached skill level 1 in Shields
  1961 | D:2      | Reached skill level 1 in Unarmed Combat
  1961 | D:2      | Reached skill level 1 in Evocations
  2532 | D:3      | Reached XP level 4. HP: 32/32 MP: 11/11
  2546 | D:3      | Reached skill level 1 in Hexes
  2546 | D:3      | Reached skill level 1 in Summonings
  2546 | D:3      | Reached skill level 1 in Necromancy
  2546 | D:3      | Reached skill level 1 in Translocations
  2546 | D:3      | Reached skill level 1 in Transmutations
  2546 | D:3      | Reached skill level 1 in Ice Magic
  2546 | D:3      | Reached skill level 1 in Air Magic
  2546 | D:3      | Reached skill level 1 in Earth Magic
  2546 | D:3      | Reached skill level 1 in Poison Magic
  2724 | D:3      | Noticed Jessica
  2730 | D:3      | Killed Jessica
  2731 | D:3      | Reached XP level 5. HP: 36/37 MP: 12/12
  2792 | D:3      | Learned a level 4 spell: Flame Wave
  2796 | D:3      | Learned a level 3 spell: Inner Flame
  2964 | D:3      | Noticed Robin
  2969 | D:3      | Killed Robin
  3061 | D:3      | You fall into a shaft and drop 3 floors!
  3063 | D:6      | Found an ancient bone altar of Kikubaaqudgha.
  3143 | D:5      | Entered Level 5 of the Dungeon
  3848 | D:5      | Noticed a centaur
  3857 | D:5      | Killed a centaur
  3858 | D:5      | Reached skill level 5 in Dodging
  3858 | D:5      | Reached XP level 6. HP: 31/44 MP: 8/14
  3973 | D:5      | Noticed an ice beast
  3981 | D:5      | Killed an ice beast
  4440 | D:5      | Found a broken altar of Ashenzari.
  4451 | D:5      | Reached XP level 7. HP: 51/51 MP: 13/15
  4677 | D:4      | HP: 1/51 [something/puff of flame (11)]
  4678 | D:4      | Slain by an orc wizard

Illustrated notes

Levels and vault maps discovered:
D:1:      dpeg_arrival_three_same_balls, layout_basic,
          chequers_hall_statues_corner_a, kennysheep_flooded_box,
          hangedman_abyss_or_decor_stabs, minmay_stone_trees_medium
D:2:      layout_loops_corners, serial_shops, shop_fountains
D:3:      layout_loops_ring, chequers_serial_rivers_micro_d, uniq_jessica,
          uniq_robin
D:4:      minmay_skewed_foursquare, layout_basic
D:5:      layout_layer_cave, cheibrodos_ashenzari_chains
D:6:      layout_gridville, kiku_gazebo_pond_becter, led_sif_pool, uniq_sigmund

Skill      XL: |  1  2  3  4  5  6  7 |
---------------+----------------------+-----
Conjurations   | 2 3 |  3.0
Spellcasting   | 5 |  5.6
Invocations    | 1 2 |  2.8
Fighting       | 1 2 |  2.5
Short Blades   | 1 2 |  2.5
Long Blades    | 1 2 |  2.5
Axes           | 1 2 |  2.5
Maces & Flails | 1 2 |  2.5
Polearms       | 1 2 |  2.5
Staves         | 1 2 |  2.5
Ranged Weapons | 1 2 |  2.5
Throwing       | 1 2 |  2.5
Armour         | 1 2 |  2.5
Shields        | 1 2 |  2.5
Unarmed Combat | 1 2 |  2.5
Evocations     | 1 2 |  2.5
Hexes          | 1 2 |  2.1
Summonings     | 1 2 |  2.1
Necromancy     | 1 2 |  2.1
Translocations | 1 2 |  2.1
Transmutations | 1 2 |  2.1
Ice Magic      | 1 2 |  2.1
Air Magic      | 1 2 |  2.1
Earth Magic    | 1 2 |  2.1
Poison Magic   | 1 2 |  2.1
Dodging        | 5 |  5.3
Stealth        | |  4.9
Fire Magic     | |  5.8

Action                     |  1- 3 |  4- 6 |  7- 9 || total
---------------------------+-------+-------+-------++-------
  Melee: Quarterstaff      |       |       |     6 ||     6
         Bite              |       |       |     1 ||     1
   Cast: Foxfire           |   101 |    53 |    21 ||   175
         Scorch            |     2 |    24 |    12 ||    38
    Use: Potion            |       |       |     2 ||     2
 Armour: Robe              |       |     6 |     4 ||    10
  Dodge: Dodged            |     9 |    26 |    21 ||    56
